 Dungeon Crawl Stone Soup version 0.23.0-3-gf3c87f2 (webtiles) character file.

Game seed: 16572330555622864577

239 Borgoz the Sneak (level 6, -1/51 HPs)
             Began as a Ghoul Assassin on Feb 24, 2019.
             Was an Initiate of Ashenzari.
             Killed from afar by Natasha (4 damage)
             ... with a magic dart
             ... on level 3 of the Dungeon.
             The game lasted 00:03:40 (2159 turns).

Borgoz the Sneak (Ghoul Assassin)                   Turns: 2159, Time: 00:03:41

Health: -1/51      AC:  5    Str: 15    XL:     6   Next: 7%
Magic:  23/23      EV: 12    Int:  7    God:    Ashenzari [......]
Gold:   158        SH:  0    Dex: 11    Spells: 5/5 levels left

rFire    . . .     SeeInvis .   b - +0 blowgun
rCold    + . .     Gourm    .   (no shield)
rNeg     + + +     Faith    .   s - +0 leather armour
rPois    ∞         Spirit   .   (no helmet)
rElec    .         Reflect  .   d - +0 cloak
rCorr    .         Harm     .   (no gloves)
MR       .....                  j - +0 pair of boots
Stlth    +++.......             (no amulet)
HPRegen  0.00/turn              i - ring of magical power
MPRegen  0.18/turn              m - ring of magical power

@: rotting
A: rotting body, claws 1, carnivore, cold resistance 1, negative energy
resistance 3, inhibited regeneration, torment resistance, unbreathing
a: Curse Item, Renounce Religion


You were on level 3 of the Dungeon.
You worshipped Ashenzari.
Ashenzari was noncommittal.
You were very hungry.

You visited 1 branch of the dungeon, and saw 3 of its levels.

You collected 158 gold pieces.

Inventory:

Hand Weapons
 a - a +2 dagger
 b - a +0 blowgun (weapon)
Missiles
 e - a poisoned needle (quivered)
 f - 2 curare-tipped needles
Armour
 d - a +0 cloak (worn)
 j - a +0 pair of boots (worn)
 s - a +0 leather armour (worn)
Jewellery
 i - a ring of magical power (left claw)
 m - a ring of magical power (right claw)
 r - an uncursed amulet of magic regeneration
Scrolls
 h - 2 scrolls of teleportation {unknown}
 k - a scroll of magic mapping {unknown}
 l - 2 scrolls of identify {unknown}
 p - a scroll of remove curse
 q - 2 scrolls of immolation {unknown}
 t - a scroll of fear {unknown}
Comestibles
 g - 4 rations


   Skills:
 + Level 3.3 Fighting
 * Level 3.2 Short Blades
 - Level 1.8 Throwing
 + Level 1.4 Armour
 * Level 2.7 Dodging
 + Level 5.1 Stealth


You had 5 spell levels left.
You didn't know any spells.
Your spell library was empty.

Dungeon Overview and Level Annotations

Branches:
Dungeon (3/15)

Altars:
Ashenzari
The Shining One

Annotations:
D:3 Natasha


Innate Abilities, Weirdness & Mutations

Your body is rotting away.
You thrive on raw meat.
You are immune to poison.
You have sharp fingernails.
You are carnivorous and can eat meat at any time.
Your flesh is cold resistant. (rC+)
You are immune to negative energy. (rN+++)
You do not regenerate when monsters are visible.
You are immune to unholy pain and torment.
You can survive without breathing.


Message History

Press: ? - help, Shift-Dir - straight line, f/p - Natasha
Aim: Natasha (lightly wounded)
You shoot a poisoned needle.
The poisoned needle closely misses Natasha.
The poisoned needle barely misses the shadow imp.
You kill the shadow imp!
Natasha closely misses you. Natasha claws you!
* * * LOW HITPOINT WARNING * * *
Firing (i - inventory. (/) - cycle)
e - 2 poisoned needles (quivered)
Press: ? - help, Shift-Dir - straight line, f/p - Natasha
Aim: Natasha (lightly wounded)
You shoot a poisoned needle. The poisoned needle hits Natasha.
Natasha is poisoned.
Natasha is lightly wounded.
Natasha misses you. Natasha closely misses you.
You feel yourself speed up.
Natasha stares at you and mumbles some strange words.
The magic dart hits you.
You die...

.>.....#.###.#####.#.#.###.#
..###..#.##.......###......#
..###..#.........## ##.....#
......!........##.###.####.#
..#########..####....# #.#
.. .. #..# #...## #.#
###.##..# #...# #.#
#...!...#####..# #.#
#.(....(..h@...# .#
........#####..# #.....###
#..# #...%. #..# ##... ...#
#.#.# ##(# . .. .# .# .# .#


You could see Natasha.

Vanquished Creatures
  Sigmund (D:3)
  Natasha (D:3)
  3 adders
  2 oozes
  2 dart slugs (D:1)
  A leopard gecko (D:3)
  An orc (D:3)
  3 bats
  A giant cockroach (D:2)
  3 goblins
  4 hobgoblins
  A jackal (D:3)
  3 frilled lizards
  4 kobolds
  A rat (D:2)
31 creatures vanquished.

Notes
Turn   | Place    | Note
-------+----------+-------------------------------------------
     0 | D:1      | Borgoz the Ghoul Assassin began the quest for the Orb.
     0 | D:1      | Reached XP level 1. HP: 17/17 MP: 0/0
    94 | D:1      | Reached skill level 1 in Dodging
   140 | D:1      | Reached XP level 2. HP: 15/24 MP: 1/1
   590 | D:2      | Found a glowing golden altar of the Shining One.
   640 | D:2      | Reached XP level 3. HP: 8/30 MP: 2/2
   997 | D:2      | Found a shattered altar of Ashenzari.
  1288 | D:2      | Became a worshipper of Ashenzari the Shackled
  1666 | D:3      | Reached XP level 4. HP: 27/37 MP: 3/3
  1797 | D:3      | Noticed Sigmund
  1820 | D:3      | Killed Sigmund
  1820 | D:3      | Reached skill level 1 in Armour
  1820 | D:3      | Reached skill level 5 in Stealth
  1820 | D:3      | Reached XP level 5. HP: 24/45 MP: 4/4
  2087 | D:3      | Noticed Natasha
  2110 | D:3      | Killed Natasha
  2110 | D:3      | Reached XP level 6. HP: 27/51 MP: 5/5
  2134 | D:3      | Noticed Natasha
  2159 | D:3      | Killed from afar by Natasha

Skill      XL: |  1  2  3  4 |
---------------+-------------+-----
Dodging        | 1 2 |  2.7
Short Blades   | 2 3 |  3.2
Fighting       | 3 |  3.3
Armour         | 1 |  1.4
Stealth        | 5 |  5.1
Throwing       | |  1.8

Action                   |  1- 3 |  4- 6 || total
-------------------------+-------+-------++-------
Melee: Dagger            |   103 |    57 ||   160
 Fire: Blowgun           |       |     7 ||     7
  Use: Potion            |       |     5 ||     5
 Stab: Sleeping          |     6 |       ||     6
       Invisible         |       |     2 ||     2
  Eat: Chunk             |     3 |       ||     3
Armor: Robe              |    25 |       ||    25
       Leather armour    |       |    21 ||    21
Dodge: Dodged            |    40 |    53 ||    93
